 Dungeon Crawl Stone Soup version 0.28-a0-779-g3d1f99b579 (webtiles) character file.

Game seed: 2599053791125464764

2 horus123 the Firebug (level 1, -1/13 HPs)
             Began as a Deep Elf Cinder Acolyte on Nov 2, 2021.
             Was a High Priest of Ignis.
             Slain by a hobgoblin (5 damage)
             ... on level 1 of the Dungeon.
             The game lasted 00:00:10 (20 turns).

horus123 the Firebug (Deep Elf Cinder Acolyte)        Turns: 20, Time: 00:00:11

Health: -1/13      AC:  2    Str: 11    XL:     1   Next: 33%
Magic:  5/5        EV: 11    Int: 18    God:    Ignis [*****.]
Gold:   0          SH:  0    Dex: 10    Spells: 3/3 levels left

rFire   + . .      SeeInvis .   a - -1 short sword (flame)
rCold   . . .      Faith    .   (no shield)
rNeg    . . .      Spirit   .   b - +0 robe
rPois   .          Reflect  .   (no helmet)
rElec   .          Harm     .   (no cloak)
rCorr   .          Rampage  .   (no gloves)
Will    .....                   (no boots)
Stlth   +.........              (no amulet)
HPRegen 0.04/turn               (no ring)
MPRegen 0.09/turn               (no ring)

@: no status effects
A: no striking features
a: Renounce Religion, Sea of Fire, Foxfire Swarm, Rising Flame


You were on level 1 of the Dungeon.
You worshipped Ignis.
Ignis was extremely pleased with you.
You visited 1 branch of the dungeon, and saw 1 of its levels.

Inventory:

Hand Weapons
 a - a -1 short sword of flaming (weapon)
Armour
 b - a +0 robe (worn)


   Skills:
 + Level 2.6 Fighting
 + Level 3.0 Short Blades
 + Level 1.5 Spellcasting
 + Level 3.2 Fire Magic


You had 3 spell levels left.
You didn't know any spells.
Your spell library contained the following spells:

 Spells                   Type           Power      Damage    Failure   Level
 Scorch                   Fire           26%        2d6       8%          2


Dungeon Overview and Level Annotations

Branches:
Dungeon (1/15)

Altars:


Message History

The flames of Ignis gently warm you.
Press ? for a list of commands and other information.
Found a staircase leading out of the dungeon.
You open the door.
A dart slug comes into view.
The dart slug moves out of view.
Found a twisted citrine amulet.
The dart slug launches a dart at you. The slug dart hits you.
There is an open door here.
A hobgoblin comes into view.
The hobgoblin shouts!
The dart slug launches a dart at you. The slug dart hits you.
You hit the dart slug. You burn the dart slug.
The dart slug is almost dead.
The dart slug launches a dart at you. The slug dart misses you.
You hit the dart slug. You burn the dart slug.
You kill the dart slug!
You hit the hobgoblin but do no damage. The hobgoblin misses you.
You closely miss the hobgoblin. The hobgoblin barely misses you.
You hit the hobgoblin but do no damage. The hobgoblin closely misses you.
You hit the hobgoblin but do no damage. You hit the hobgoblin.
You burn the hobgoblin.
The hobgoblin is heavily wounded.
The hobgoblin hits you.
You closely miss the hobgoblin.
The hobgoblin is heavily wounded.
The hobgoblin barely misses you.
You hit the hobgoblin but do no damage.
The hobgoblin is heavily wounded.
The hobgoblin hits you.
You closely miss the hobgoblin.
The hobgoblin is heavily wounded.
The hobgoblin hits you.
You barely miss the hobgoblin.
The hobgoblin is heavily wounded.
The hobgoblin hits you.
You die...

..... ... ... .
# ... .. #
#.#.# .#
#.###.#.###..##
..."...g.......
#.##.##@...#
#.......####
######.##
######'######
#...........#
#...........#
#...........#
#...........#
#...........#


You could see a hobgoblin.

Vanquished Creatures
  A dart slug (D:1)
1 creature vanquished.

Notes
Turn   | Place    | Note
-------+----------+-------------------------------------------
     0 | D:1      | horus123 the Deep Elf Cinder Acolyte began the quest for
                  | the Orb.
     0 | D:1      | Reached XP level 1. HP: 13/13 MP: 5/5
    20 | D:1      | Slain by a hobgoblin

Illustrated notes

Levels and vault maps discovered:
D:1:      psy_arrival_statuary, layout_loops_cross, minmay_hexomino_r4

Action                   || total
-------------------------++-------
Melee: Short sword       ||    11
Dodge: Dodged            ||     5

Table legend: (Time is in decaauts)
 A = Elapsed time spent in this place.
 B = Non-inter-level travel time spent in this place.
 C = Inter-level travel time spent in this place.
 D = Time resting spent in this place.
 E = Time spent auto-exploring this place.
 F = Levels seen in this place.
 G = Mean time per level.
                   A        B        C        D        E       F      G
               +--------+--------+--------+--------+--------+-----+--------+
         Total |     19 |     19 |      0 |      0 |      5 |   1 |   19.0 |
       Dungeon |     19 |     19 |      0 |      0 |      5 |   1 |   19.0 |
               +--------+--------+--------+--------+--------+-----+--------+

Top non-repeatable levels by time:
     D:1: 19 daAuts
